 Dungeon Crawl Stone Soup version 0.17.1-1-g73c8601 (webtiles) character file.

20476 zercules the Unseen (level 13, 0/86 HPs)
             Began as a Human Monk on Jan 11, 2016.
             Was the Champion of Dithmenos.
             Slain by Rupert
             ... wielding a +4 great mace of draining
              (6 damage)
             ... on level 3 of the Lair of Beasts on Jan 13, 2016.
             The game lasted 01:50:13 (19025 turns).

zercules the Unseen (Human Monk)                   Turns: 19025, Time: 01:50:14

Health: 0/86       AC: 12    Str: 12    XL:     13   Next: 12%
Magic:  15/15      EV: 15    Int: 14    God:    Dithmenos [******]
Gold:   852        SH:  0    Dex: 17    Spells: 0 memorised, 12 levels left

rFire  . . .     SeeInvis .     a - +3 dagger (elec)
rCold  . . .     Clarity  .     C - +3 ring mail {rPois}
rNeg   . . .     SustAt   .     (no shield)
rPois  +         Gourm    .     g - +1 helmet
rElec  .         Spirit   .     D - +0 cloak
rCorr  .         Warding  .     (no gloves)
rMut   .         Stasis   .     l - +0 pair of boots
MR     .....                    (no amulet)
Stlth  +++++++++.               v - +3 ring of slaying
                                y - +3 ring of evasion

@: very slightly contaminated, wreathed by umbra, heavily drained, not resistant
to hostile enchantments, incredibly stealthy
A: no striking features
a: Shadow Step, Shadow Form, Renounce Religion


You were on level 3 of the Lair of Beasts.
You worshipped Dithmenos.
Dithmenos was exalted by your worship.
You were not hungry.

You visited 2 branches of the dungeon, and saw 16 of its levels.
You also visited: Ossuary.

You collected 852 gold pieces.

Inventory:

Hand Weapons
 a - a +3 dagger of electrocution (weapon)
 b - a +2 falchion of freezing
 J - a +0 blowgun
Missiles
 K - 30 poisoned needles
 V - 3 steel tomahawks (quivered)
Armour
 g - a +1 helmet (worn)
 l - a +0 pair of boots (worn)
 o - a +0 shield
 C - a +3 ring mail of poison resistance (worn)
 D - a +0 cloak (worn)
 S - a troll hide
Jewellery
 v - a +3 ring of slaying (right hand)
 y - a +3 ring of evasion (left hand)
 E - an uncursed ring of magical power
 G - an uncursed ring of protection from fire
 N - an uncursed ring of invisibility
Wands
 h - a wand of cold (12)
 p - a wand of frost (36)
 q - a wand of heal wounds (3)
 s - a wand of paralysis (17)
 u - a wand of disintegration (4)
 w - a wand of magic darts (12)
 A - a wand of slowing (14)
 I - a wand of magic darts (10)
 T - a wand of heal wounds (2)
 X - a wand of digging (3)
 Z - a wand of digging (7)
Scrolls
 c - 6 scrolls of remove curse
 e - 3 scrolls of teleportation
 t - 5 scrolls of identify
 z - 3 scrolls of recharging
 L - 3 scrolls of enchant armour
 W - 4 scrolls of magic mapping
 Y - a scroll of enchant weapon
Potions
 k - 3 potions of flight
 m - 2 potions of cancellation
 n - 2 potions of cure mutation
 r - a potion of resistance
 x - 5 potions of curing
 F - a potion of berserk rage
 H - 3 potions of brilliance
Books
 U - a book of the Warp

   Spells                             Type                      Level
   a - Recall                         Summoning/Translocation      3
   b - Gell's Gravitas                Hexes/Translocation          3
   c - Force Lance                    Conjuration/Translocation    4
   d - Phase Shift                    Translocation                5
   e - Warp Weapon                    Charms/Translocation         5
   f - Summon Forest                  Summoning/Translocation      5
Miscellaneous
 Q - a lantern of shadows
Comestibles
 d - 15 fruits
 i - 3 meat rations
 P - 12 bread rations
 R - 8 slices of pizza


   Skills:
 - Level 3.0(1.4) Fighting
 - Level 8.8(7.0) Short Blades
   Level 1.5(0.0) Axes
 - Level 5.3(3.6) Dodging
 + Level 18.0(15.7) Stealth
 - Level 4.8(3.2) Unarmed Combat
 + Level 3.0(1.4) Evocations


You had 12 spell levels left.
You didn't know any spells.

Dungeon Overview and Level Annotations

Branches:
Dungeon (12/15)            Temple (0/1) D:7            Lair (4/8) D:10
  Swamp: Lair:3-6    Shoals: Lair:3-6     Snake: Lair:3-6    Spider: Lair:3-6
    Orc: D:9-12

Altars:
Dithmenos
Fedhas
Gozag
Kikubaaqudgha
Okawaru
Ru
Xom
The Shining One

Shops:
D:6 ?   D:7 *

Annotations:
D:12 ecbois's ghost, journeyman FoAK
Lair:1 exclusion: 2 oklob plants
Lair:3 Nergalle; Rupert


Message History

Rupert hits you with a great mace of draining!!
* * * LOW HITPOINT WARNING * * *
You feel drained.
* * * LOW HITPOINT WARNING * * *
Read which item? (? for menu, Esc to quit)
Blink to where?
Press: ? - help, Dir - move target cursor You are very lightly contaminated with residual magic.
As you read the scroll of blinking, it crumbles to dust.
Rupert rages.
Drink which item? (? for menu, Esc to quit)
Okay, then.
Evoke which item? (* to show all) (? for menu, Esc to quit)
Zapping:
q - a wand of heal wounds (4)
Press: ? - help, Shift-Dir - straight line, f - you You feel much better.
This wand has 3 charges left.
Rupert hits you with a great mace of draining!!
* * * LOW HITPOINT WARNING * * *
You emit a cloud of dark smoke.
You feel drained.
You die...

#...#.#
#.......8........
##.§###
##...##...###.... #..#
##.##......).####
##.#####.#..........## #
#...##.##...........# .
#.....#....#.....#....#
#.##.§##...##..8.##.....
## #.#@#§..##.....###...
#.###@§.###.....# #...
#.# #§§8# #..<..# #8.>
#.# #..§.# #..W..# .. ##
..##..# ##...## ....
#...# #.8.# .....
........... .....
..#......... ....
..#..... #P.. ...#...


You could see Rupert (berserk).

Vanquished Creatures
  Maud (D:11)
  A hydra (Lair:1)
  An unseen horror (D:11)
  Pikel (D:7)
  A hill giant (D:10)
  4 elephants (Lair:3)
  A black mamba (Lair:3)
  5 komodo dragons
  2 trolls
  A fire drake (Lair:2)
  The ghost of saranimal the Ducker, an amateur OgFE (D:6)
  6 spiny frogs
  Grinder (D:5)
  4 blink frogs (Lair:3)
  A slime creature (Lair:2)
  11 yaks
  3 hippogriffs
  A human (D:7)
  A hungry ghost (D:11)
  A mottled dragon (D:11)
  4 wolves
  6 water moccasins
  A swamp drake (D:10)
  5 ogres
  8 porcupines
  2 orc warriors
  A phantom (D:5)
  2 sky beasts
  6 ice beasts
  A necrophage (D:11)
  8 crocodiles
  4 big kobolds
  8 giant frogs
  A wyvern skeleton (D:11)
  3 scorpions
  9 killer bees
  11 wights
  An electric eel (Lair:1)
  2 crimson imps (D:11)
  A centaur zombie (Ossuary)
  4 hounds
  A wasp zombie (D:8)
  2 human zombies (Ossuary)
  12 jellies
  A giant frog skeleton (D:4)
  Crazy Yiuf (D:7)
  5 orc priests
  11 iguanas
  4 centaur skeletons
  4 orc wizards
  4 worker ants
  4 sheep
  A big kobold zombie (Ossuary)
  3 mummies (Ossuary)
  10 adders
  11 gnolls
  31 river rats
  3 white imps
  12 oozes
  An adder skeleton (D:4)
  3 worms
  8 giant geckos
  18 orcs
  A ball python (D:3)
  12 bats
  7 goblins
  5 hobgoblins
  3 jackals
  18 kobolds
  4 quokkas
  5 giant cockroaches
  5 giant newts
  2 gnoll zombies (Ossuary)
  A hobgoblin zombie (Ossuary)
  A jackal skeleton (D:6)
  An orc zombie (Ossuary)
  7 rats
358 creatures vanquished.

Vanquished Creatures (collateral kills)
  A river rat (Lair:2)
1 creature vanquished.

Vanquished Creatures (others)
  3 slaves (D:7)
  A giant frog (D:7)
  An orc wizard (D:7)
  3 orcs (D:7)
  A kobold (D:7)
  7 fungi
16 creatures vanquished.

Grand Total: 375 creatures vanquished

Notes
Turn   | Place    | Note
--------------------------------------------------------------
     0 | D:1      | zercules the Human Monk began the quest for the Orb.
     0 | D:1      | Reached XP level 1. HP: 18/18 MP: 1/1
    79 | D:1      | Reached XP level 2. HP: 20/24 MP: 2/2
  1173 | D:2      | Reached XP level 3. HP: 29/29 MP: 3/3
  1282 | D:3      | Found a faded altar to an unknown god.
  2168 | D:3      | Became a worshipper of Dithmenos the Shadowed
  2168 | D:3      | Reached * piety under Dithmenos
  2168 | D:3      | Reached ** piety under Dithmenos
  2204 | D:3      | Reached XP level 4. HP: 22/35 MP: 4/4
  2382 | D:3      | Found a shimmering altar of Xom.
  2716 | D:3      | Reached *** piety under Dithmenos
  3068 | D:4      | Reached XP level 5. HP: 11/41 MP: 5/5
  3299 | D:4      | Reached skill level 1 in Axes
  3505 | D:4      | Reached skill level 5 in Dodging
  3563 | D:4      | HP: 2/41 [poisoned by an adder]
  3575 | D:4      | Reached XP level 6. HP: 3/47 MP: 6/6
  4353 | D:4      | Reached skill level 1 in Short Blades
  4444 | D:4      | Found an opulent altar of Gozag.
  4446 | D:4      | Found an ancient bone altar of Kikubaaqudgha.
  4770 | D:4      | Reached XP level 7. HP: 36/52 MP: 7/7
  4885 | D:4      | Found a shadowy altar of Dithmenos.
  5580 | D:5      | Entered Level 5 of the Dungeon
  5604 | D:4      | Reached **** piety under Dithmenos
  5665 | D:5      | Found a sacrificial altar of Ru.
  5712 | D:5      | Found a blossoming altar of Fedhas.
  5716 | D:5      | Noticed Grinder
  5729 | D:5      | HP: 2/52 [ice beast (3)]
  5989 | D:6      | Found an iron altar of Okawaru.
  6012 | D:6      | Found Liorphir's Magic Scroll Emporium.
  6032 | D:6      | Noticed saranimal's ghost (amateur OgFE)
  6084 | D:6      | Reached XP level 8. HP: 54/58 MP: 8/8
  6171 | D:6      | Found a sand-covered staircase.
  6176 | Ossuary  | Entered an ossuary
  6301 | Ossuary  | Reached skill level 5 in Stealth
  6596 | D:6      | Reached skill level 5 in Short Blades
  6596 | D:6      | Reached skill level 6 in Stealth
  6843 | D:6      | Killed saranimal's ghost
  7120 | D:6      | Reached skill level 7 in Stealth
  7346 | D:6      | Reached XP level 9. HP: 51/63 MP: 9/9
  7653 | D:5      | Paralysed by Grinder for 6 turns
  7662 | D:5      | Killed Grinder
  7662 | D:5      | Reached skill level 8 in Stealth
  7935 | D:5      | Found a glowing golden altar of the Shining One.
  8271 | D:5      | Reached skill level 9 in Stealth
  8325 | D:7      | Noticed Pikel
  8372 | D:7      | Killed Pikel
  8521 | D:7      | Found a staircase to the Ecumenical Temple.
  8933 | D:7      | Found Xoal Asoiz's Elemental Accessories.
  8994 | D:7      | Reached XP level 10. HP: 60/70 MP: 10/10
  9016 | D:7      | Reached skill level 10 in Stealth
  9085 | D:7      | Noticed Crazy Yiuf
  9092 | D:7      | Killed Crazy Yiuf
  9804 | D:8      | Reached ***** piety under Dithmenos
  9838 | D:9      | Reached skill level 11 in Stealth
 11427 | D:8      | Noticed a death yak
 11989 | D:10     | Entered Level 10 of the Dungeon
 12301 | D:10     | Reached skill level 12 in Stealth
 12388 | D:10     | Reached XP level 11. HP: 45/75 MP: 11/11
 12643 | D:10     | Reached skill level 1 in Evocations
 12653 | D:10     | Reached skill level 13 in Stealth
 12902 | D:10     | Found a staircase to the Lair.
 12920 | D:10     | Noticed a hill giant
 12924 | D:10     | Killed a hill giant
 12995 | D:10     | Reached skill level 14 in Stealth
 13135 | Lair:1   | Entered Level 1 of the Lair of Beasts
 14003 | D:11     | Noticed Maud
 14010 | D:11     | Killed Maud
 14197 | D:11     | Reached skill level 15 in Stealth
 14984 | D:11     | Reached XP level 12. HP: 81/81 MP: 13/13
 15042 | D:12     | Noticed ecbois's ghost (journeyman FoAK)
 15954 | D:11     | Killed an unseen horror
 16276 | Lair:1   | Noticed a six-headed hydra
 16325 | Lair:1   | Killed a six-headed hydra
 16325 | Lair:1   | Reached skill level 16 in Stealth
 16656 | Lair:1   | Noticed an oklob plant
 16656 | Lair:1   | Noticed an oklob plant
 17359 | Lair:2   | Reached skill level 17 in Stealth
 18049 | Lair:3   | Noticed Rupert
 18049 | Lair:3   | Noticed an eight-headed hydra
 18053 | Lair:3   | Noticed Nergalle
 18065 | Lair:3   | Paralysed by Rupert for 2 turns
 18563 | Lair:4   | Reached ****** piety under Dithmenos
 18619 | Lair:3   | Reached XP level 13. HP: 86/86 MP: 15/15
 18707 | Lair:3   | Reached skill level 18 in Stealth
 19025 | Lair:3   | Slain by Rupert

Action                   |  1- 3 |  4- 6 |  7- 9 | 10-12 | 13-15 || total
-------------------------+-------+-------+-------+-------+-------++-------
Melee: Unarmed           |   124 |    28 |       |     1 |       ||   153
       Hand axe          |       |    84 |   200 |    28 |       ||   312
       Dagger            |       |    50 |   158 |   490 |    41 ||   739
       Falchion          |       |       |       |   202 |       ||   202
       Long sword        |       |       |       |    10 |       ||    10
Throw: Tomahawk          |       |     8 |    18 |     9 |       ||    35
Evoke: Wand              |       |       |     1 |    24 |     2 ||    27
  Use: Scroll            |     4 |     2 |    12 |    15 |     1 ||    34
       Potion            |       |     3 |     4 |     4 |       ||    11
 Stab: Sleeping          |     4 |     5 |    11 |    61 |     8 ||    89
       Distracted        |       |       |     1 |     4 |       ||     5
       Invisible         |       |       |       |     1 |       ||     1
  Eat: Chunk             |     4 |     8 |     8 |    11 |       ||    31
       Royal jelly       |       |       |     1 |     1 |       ||     2
       Fruit             |       |       |     4 |     3 |       ||     7
       Beef jerky        |       |       |       |     4 |       ||     4
       Meat ration       |       |       |       |     3 |       ||     3
